Arrhythmia, chaotic female vampiric Convict --- ------------ #|.| |...........#0 #|.| | |.........<|#######.)--+------- .--+----+----- | |...........#### #|)....)_@@.@..............G.....| |..........| |.-+-------- ....---- ----- | ------------ |.| | |.| .[- |... |.--- +.| |.| |.+ |.- |. --- Arrhythmia the Jail-bird Experience level: 8 Strength: 18 Dexterity: 9 Constitution: 20 Intelligence: 9 Wisdom: 10 Charisma: 10 Health: 0(80) Energy: 58(58) AC: 5 Gold: 699 Moves: 3382 Your Inventory: Coins $ - 699 gold pieces Armor b - a cursed +0 striped shirt (being worn) s - an [uncursed +0] mummy wrapping A - an [uncursed] +0 leather hat [elven leather helm] (being worn) B - an [uncursed] +0 pair of elven boots (being worn) C - a cursed -1 elven shield (being worn) D - a cursed -1 elven mithril-coat (being worn) L - an [uncursed +0] pair of jackboots [high] M - a cursed -3 pair of padded gloves [leather] (being worn) Scrolls G - an uncursed scroll of fire I - an [uncursed] scroll labeled ELAM EBOW [of teleportation] Potions r - a potion of [holy] water Rings J - an [uncursed] wooden ring [of protection from shape changers] Wands H - an [uncursed] wand of striking [0:5] Tools p - an [uncursed] blindfold x - an [uncursed +0] pick-axe Iron balls c - an [uncursed] heavy iron ball (chained to you) (weapon in hand) Spells known in the end: Name Level Category Fail Memory Your skills at the end: Fighting Skills Weapon Skills flail [Basic / Expert] sling [Basic / Skilled] Spellcasting Skills Final Attributes: You had sinned. Hunger level was 494. Your alignment was -5 / 26. Monster difficulty range was 1 - 8. Level difficulty was 8. You were immune to poison. You were immune to level-drain. You were immune to sickness. You were punished. You were stealthy. You could fly. You could survive without air. You regenerated. Your luck was zero. You are dead. Vanquished creatures: 2 watchmen a chameleon 3 wolves a giant spider a black light a yeti 2 lizards a blue jelly a gnome mummy a snake 3 apes 3 Woodland-elves an orc shaman a rock piercer an enormous rat a yellow light a shrieker a violet fungus 4 gnome lords a kobold mummy a ghoul a baby crocodile a giant ant 2 floating eyes 7 dwarves a homunculus 3 dwarf zombies a wererat an iguana 3 killer bees 4 acid blobs 3 hobbits 4 manes 3 hobgoblins a yellow mold 38 gnomes 3 garter snakes a gecko 4 jackals a fox 3 grid bugs 3 kobold zombies 3 newts 123 creatures vanquished. Voluntary challenges: You went without food. You never hit with a wielded weapon. You read items or engraved 3 times. You put on armor 13 times. You never genocided any monsters. You never polymorphed an object. You never changed form. You used no wishes. You abstained from Elbereth's help. You never encountered a bones level. You never used any Sokoban shortcuts. Dungeon overview: The Dungeons of Doom: levels 1 to 5 Level 1 some fountains a long staircase Level 4 stairs to The Gnomish Mines The Gnomish Mines: levels 5 to 8 Level 5 stairs to The Dungeons of Doom Level 8 <- You were here History has recorded: On T:1 you entered the Dungeons of Doom to retrieve the Amulet of Yendor! On T:286 you reached level 2 of The Dungeons of Doom. On T:360 you reached level 3 of The Dungeons of Doom. On T:375 you advanced to experience level 2. On T:386 you advanced to experience level 3. On T:634 you advanced to experience level 4. On T:780 you advanced to experience level 5. On T:955 you reached level 4 of The Dungeons of Doom. On T:1028 you reached level 1 of The Gnomish Mines. On T:1088 you advanced to experience level 6. On T:1510 you reached level 5 of The Dungeons of Doom. On T:1671 you advanced to experience level 7. On T:2025 you reached level 2 of The Gnomish Mines. On T:2393 you advanced to experience level 8. On T:2629 you reached level 3 of The Gnomish Mines. On T:3344 you reached level 4 of The Gnomish Mines. Latest messages: [HP+1=68] The watch captain zaps a wand of striking! The wand hits you! The watchman throws a spear! The spear misses the watch captain. You are hit by a spear. [HP-12=56] The watch captain wields a silver saber! [HP+1=57] The watch captain zaps a wand of striking! The wand hits you! [HP-17=40] You hit the watch captain! You bite the watch captain. The watch captain zaps a wand of striking! The wand hits you! The watch captain swings her silver saber. The silver sears your flesh! The watch captain hits! The watch captain swings her silver saber. The silver sears your flesh! The watch captain hits! You die... Final status: Goodbye Arrhythmia the Convict... You died in The Gnomish Mines on dungeon level 8 with 6810 points, and 699 pieces of gold, after 3382 moves. You were level 8 with a maximum of 80 hit points when you died.